 Dungeon Crawl Stone Soup version 0.30.0-30-g96aa6591b8 (webtiles) character file.

Game seed: 15804029521294774745

19987 bpung the Basher (level 12, -3/77 HPs)
             Began as a Gargoyle Fighter on June 28, 2023.
             Was an Elder of Makhleb.
             Slain by an ice devil (15 damage)
             ... in an ice cave.
             The game lasted 00:38:51 (14521 turns).

bpung the Basher (Gargoyle Fighter)                Turns: 14521, Time: 00:38:52

Health: -3/77      AC: 32    Str: 23    XL:     12   Next: 74%
Magic:  18/18      EV: 12    Int:  9    God:    Makhleb [****..]
Gold:   784        SH:  5    Dex:  9    Spells: 11/11 levels left

rFire   + . .        a - +2 morningstar
rCold   . . .        c - +0 buckler
rNeg    + . .        v - +0 plate armour
rPois   ∞            (no helmet)
rElec   +            j - +1 cloak
rCorr   .            E - +0 pair of gloves
SInv    .            g - +0 pair of boots
Will    .....        (no amulet)
Stlth   x              - +5 ring of evasion
HPRegen 0.32/turn    H - +4 ring of protection
MPRegen 0.16/turn

%: no passive effects
@: no status effects
A: sickness immunity, AC +8, negative energy resistance 1, electricity
resistance, torment resistance 1, petrification resistance, fire resistance 1,
weak 1
a: Renounce Religion, Minor Destruction, Lesser Servant of Makhleb, Major
Destruction


You were in an ice cave.
You worshipped Makhleb.
Makhleb was greatly pleased with you.
You visited 3 branches of the dungeon, and saw 13 of its levels.
You also visited: Ice Cave.

You collected 784 gold pieces.

Inventory:

Hand Weapons
 a - a +2 morningstar (weapon)
 B - the +5 scythe "Finisher" {speed, execute}
   (You found it on level 9 of the Dungeon)
 G - a +1 mace of holy wrath
Missiles
 e - 2 throwing nets (quivered)
 A - 18 poisoned darts
 D - a curare-tipped dart
Armour
 c - a +0 buckler (worn)
 g - a +0 pair of boots (worn)
 j - a +1 cloak (worn)
 k - the +4 skin of Zhor {*Englaciate rC+++ SInv}
   (You found it in an ice cave)

   *Englaciate: It radiates cold, occasionally slowing all nearby creatures who
   are not resistant to cold.
   rC:        It renders you almost immune to cold.
   SInv:      It lets you see invisible.
 m - an orb of mayhem
 v - a +0 plate armour (worn)
 E - a +0 pair of gloves (worn)
Jewellery
 r - a ring of protection from fire
 x - a +5 ring of evasion (left hand)
 H - a +4 ring of protection (right hand)
Wands
 p - a wand of flame (8)
 w - a wand of polymorph (13)
Scrolls
 f - a scroll of enchant armour
 i - 9 scrolls of identify
 y - a scroll of teleportation
 C - a scroll of poison
 F - a scroll of fog
Potions
 b - a potion of resistance {unknown}
 d - a potion of berserk rage
 h - 4 potions of curing
 l - 2 potions of ambrosia
 u - a potion of cancellation
 z - 3 potions of flight


   Skills:
 + Level 9.7 Fighting
 + Level 13.1 Maces & Flails
 + Level 0.4 Throwing
 + Level 9.8 Armour
 + Level 2.3 Dodging
 + Level 1.5 Stealth
 + Level 8.1 Shields
 * Level 9.1 Invocations
 + Level 1.1 Evocations


You had 11 spell levels left.
You didn't know any spells.
Your spell library contained the following spells:

 Spells                   Type           Power      Damage    Failure   Level
 Freeze                   Ice            0%         1d3       99%         1
 Passwall                 Tmut/Erth      0%         N/A       100%        2
 Scorch                   Fire           0%         2d5       100%        2
 Frozen Ramparts          Ice            0%         1d1       100%        3
 Hailstorm                Conj/Ice       0%         3d3       100%        3
 Tukima's Dance           Hex            0%         N/A       100%        3
 Flame Wave               Conj/Fire      0%         2d4       100%        4
 Passage of Golubria      Tloc           0%         N/A       100%        4
 Sticky Flame             Conj/Fire      0%         2d3       100%        4
 Irradiate                Conj/Tmut      0%         3d11      100%        5
 Yara's Violent Unravell  Hex/Tmut       0%         3d3       100%        5
 Summon Cactus Giant      Summ           0%         N/A       100%        6


Dungeon Overview and Level Annotations

Branches:
Dungeon (10/15)            Temple (1/1) D:4            Lair (2/5) D:10
  IceCv (1/1)
  Swamp: Lair:2-3    Shoals: Lair:2-3     Snake: Lair:2-3    Spider: Lair:2-3
    Orc: D:9-12

Altars:
Cheibriados
Dithmenos
Elyvilon
Gozag
Makhleb
Nemelex Xobeh
Ru
Uskayaw
Vehumet
Wu Jian
Yredelemnul
Zin
The Shining One

Shops:
D:10 *

Annotations:
Lair:1 exclusion: oklob plant


Innate Abilities, Weirdness & Mutations

You are immune to sickness and miasma.
Your stone body is resilient. (AC +8)
You are immune to poison.
You resist negative energy. (rN+)
You are resistant to electric shocks. (rElec)
You are resistant to unholy torment.
You are immune to petrification.
Your flesh is heat resistant. (rF+)
You are weak. (Str -2)


Message History

You sock the ice devil!
The ice devil is moderately wounded.
Your orange demon stings the ice devil.
Your orange demon hits the ice devil.
The ice devil hits your orange demon!
The ice devil freezes your orange demon!!
The ice devil hits your orange demon.
Your orange demon dies!
Your orange demon disappears in a puff of smoke!
You sock the ice devil!
The ice devil is severely wounded.
You hit the ice devil but do no damage.
The ice devil is moderately wounded.
The ice devil hits you but does no damage.
The ice devil closely misses you.
You bludgeon the ice devil!!
You kill the ice devil!
Makhleb accepts your kill.
You feel better. The ice devil closely misses you.
You barely miss the ice devil.
The ice devil is moderately wounded.
The dire elephant simulacrum closely misses you.
The dire elephant simulacrum barely misses you.
You completely miss the ice devil.
The ice devil is moderately wounded.
You block the ice devil's attack.
You hit the ice devil but do no damage.
The ice devil is moderately wounded.
You hit the ice devil.
The ice devil is moderately wounded.
You hit the ice devil but do no damage.
The ice devil is moderately wounded.
The ice devil hits you. The ice devil freezes you!!
* * * LOW HITPOINT WARNING * * *
Unknown command.
You barely miss the ice devil.
The ice devil is moderately wounded.
The ice devil barely misses you. The ice devil hits you!
* * * LOW HITPOINT WARNING * * *
The ice devil freezes you!
You die... ##..# 4ZZZ.

##...#..4.4.
#.4#..Z.# #
#Z.#...## ≈##
#.4##.## ≈≈#
##..### ######≈≈#
######.Z##
##...#.≈≈# #.)#
##4.# #......#
#..###@4####..#..##
##..8#..##
#..##...##
#......##
##.####...##
##......# ##..#
##...## ##.......#
#..## ##...#
#........###..#
##..##
#.......###..##
######..#
..##.....###..#
##...###.# #..
#.....##..##
##.....##..


You could see 2 ice devils and a dire elephant simulacrum.

Vanquished Creatures
  A death yak (Lair:1)
  A manticore (D:9)
  6 elephants
  2 black mambas
  Maggie (D:7)
  A gargoyle (D:10)
  A rime drake (D:10)
  2 freezing wraiths (IceCv)
  4 ice devils (IceCv)
  4 komodo dragons
  An anaconda simulacrum (IceCv)
  A polar bear (D:10)
  A troll (D:9)
  A hornet (D:9)
  A wraith (D:10)
  4 wyverns
  A centaur simulacrum (D:10)
  31 yaks
  A vampire (D:9)
  A dire elephant simulacrum (IceCv)
  2 steam dragons
  A death yak simulacrum (IceCv)
  2 harpy simulacra (IceCv)
  A hydra simulacrum (IceCv)
  8 water moccasins
  A sky beast (D:8)
  2 ice beasts (D:10)
  7 orc warriors
  3 wolves
  4 ogres
  3 centaurs
  4 phantoms
  3 kobold brigands
  3 bullfrogs
  A cane toad simulacrum (IceCv)
  A water moccasin zombie (D:5)
  2 scorpions (D:7)
  A two-headed ogre simulacrum (IceCv)
  4 wights (D:9)
  3 elephant simulacra (IceCv)
  11 killer bees
  5 electric eels
  A howler monkey (D:10)
  3 hounds
  A centaur zombie (D:5)
  A jelly (D:7)
  2 gnoll boudas
  5 orc priests
  A sleepcap (D:7)
  An iron imp (D:5)
  4 iguanas
  5 orc wizards
  Ijyb (D:3)
  A polar bear simulacrum (IceCv)
  A scorpion zombie (D:5)
  Terence (D:3)
  3 wolf simulacra (IceCv)
  A hound zombie (D:5)
  A howler monkey zombie (D:5)
  A naga simulacrum (IceCv)
  7 adders
  7 gnolls
  9 white imps
  5 ufetubi
  An adder zombie (D:5)
  5 worms
  4 dart slugs
  49 orcs
  5 endoplasms
  A giant cockroach (D:3)
  8 goblins
  8 hobgoblins
  4 jackals (D:1)
  20 kobolds
  2 quokkas (D:1)
  12 ball pythons
  7 bats
  2 frilled lizards
  3 rats
331 creatures vanquished.

Vanquished Creatures (others)
  An orc wizard (D:3)
  2 orcs
3 creatures vanquished.

Grand Total: 334 creatures vanquished

Notes
Turn   | Place    | Note
-------+----------+-------------------------------------------
     0 | D:1      | bpung the Gargoyle Fighter began the quest for the Orb.
     0 | D:1      | Reached XP level 1. HP: 14/14 MP: 1/1
    61 | D:1      | Got the Compendium of Unstable Trauma
   138 | D:1      | Reached XP level 2. HP: 19/19 MP: 2/2
   529 | D:1      | Reached XP level 3. HP: 23/23 MP: 3/3
  1199 | D:2      | Got Sif Muna's Guidebook on Metamorphosis
  1263 | D:2      | Reached XP level 4. HP: 27/29 MP: 4/4
  1382 | D:3      | Reached skill level 3 in Maces & Flails
  1563 | D:3      | Reached skill level 1 in Dodging
  1563 | D:3      | Reached XP level 5. HP: 15/33 MP: 5/5
  1722 | D:3      | Noticed Ijyb
  1754 | D:3      | Killed Ijyb
  1755 | D:3      | Reached skill level 4 in Maces & Flails
  1781 | D:3      | Noticed Terence
  1786 | D:3      | Killed Terence
  1816 | D:3      | Reached XP level 6. HP: 32/38 MP: 6/6
  2316 | D:4      | Found a sparkling altar of Nemelex Xobeh.
  2998 | D:4      | Found a staircase to the Ecumenical Temple.
  3057 | Temple   | Entered the Ecumenical Temple
  3093 | Temple   | Became a worshipper of Makhleb the Destroyer
  3161 | D:5      | Entered Level 5 of the Dungeon
  3161 | D:5      | Found a radiant altar of Vehumet.
  3294 | D:5      | Reached XP level 7. HP: 44/44 MP: 7/7
  3405 | D:5      | Reached skill level 5 in Maces & Flails
  3458 | D:5      | Found a basalt altar of Yredelemnul.
  3764 | D:5      | Reached skill level 6 in Maces & Flails
  3967 | D:5      | Reached skill level 5 in Armour
  3967 | D:5      | Reached XP level 8. HP: 29/48 MP: 8/8
  4320 | D:5      | Found a snail-covered altar of Cheibriados.
  4534 | D:6      | Reached skill level 5 in Fighting
  4546 | D:6      | Reached skill level 1 in Invocations
  4613 | D:6      | Reached skill level 5 in Shields
  4991 | D:5      | Reached skill level 7 in Maces & Flails
  5328 | D:6      | Reached * piety under Makhleb
  5559 | D:6      | Reached XP level 9. HP: 55/55 MP: 9/11
  5964 | D:7      | Found a glowing golden altar of the Shining One.
  6118 | D:7      | Noticed Maggie
  6153 | D:7      | Killed Maggie
  6154 | D:7      | Reached skill level 8 in Maces & Flails
  6391 | D:7      | Found a shadowy altar of Dithmenos.
  6508 | D:7      | Gained mutation: Armour fits poorly on your strangely
                  | shaped body. [potion of mutation]
  6508 | D:7      | Gained mutation: Your magical capacity is low. (-10% MP)
                  | [potion of mutation]
  6508 | D:7      | Gained mutation: Your mind is acute. (Int +4, Str/Dex -1)
                  | [potion of mutation]
  6508 | D:7      | Gained mutation: Your flesh is heat resistant. (rF+)
                  | [potion of mutation]
  6858 | D:7      | Reached skill level 9 in Maces & Flails
  7194 | D:8      | Lost mutation: Your magical capacity is low. (-10% MP)
                  | [potion of mutation]
  7194 | D:8      | Lost mutation: Armour fits poorly on your strangely shaped
                  | body. [potion of mutation]
  7194 | D:8      | Lost mutation: Your mind is acute. (Int +4, Str/Dex -1)
                  | [potion of mutation]
  7194 | D:8      | Gained mutation: You are weak. (Str -2) [potion of
                  | mutation]
  7475 | D:8      | Reached XP level 10. HP: 60/61 MP: 13/13
  7527 | D:8      | Reached skill level 5 in Invocations
  7618 | D:8      | Found a hide-covered altar of Uskayaw.
  7638 | D:8      | Reached ** piety under Makhleb
  7681 | D:8      | Found an ornate altar of the Wu Jian Council.
  7719 | D:9      | Found the +5 scythe "Finisher" {speed, execute}
  8042 | D:9      | Noticed a manticore
  8064 | D:9      | Killed a manticore
  8190 | D:9      | Found a sacrificial altar of Ru.
  8217 | D:9      | Reached skill level 1 in Evocations
  8406 | D:9      | Found a glowing silver altar of Zin.
  8577 | D:9      | Reached skill level 10 in Maces & Flails
  8795 | D:9      | Reached skill level 1 in Stealth
  9242 | D:10     | Entered Level 10 of the Dungeon
  9483 | D:10     | Reached *** piety under Makhleb
  9484 | D:10     | Reached XP level 11. HP: 51/67 MP: 15/15
  9597 | D:10     | HP: 3/67 [troll (9)]
  9604 | D:9      | HP: 3/67 [troll (2)]
 10212 | D:10     | Reached skill level 11 in Maces & Flails
 10756 | D:10     | Reached **** piety under Makhleb
 10795 | D:10     | Found Sunnycroqesm's General Store.
 11049 | D:10     | Found a staircase to the Lair.
 11261 | D:10     | Found an opulent altar of Gozag.
 11495 | Lair:1   | Entered Level 1 of the Lair of Beasts
 11861 | D:10     | HP: 1/69 [rime drake (6)]
 11869 | D:9      | HP: 3/69 [bullfrog (1)]
 12112 | D:10     | Reached skill level 12 in Maces & Flails
 12289 | D:10     | Reached XP level 12. HP: 66/75 MP: 17/17
 13099 | Lair:1   | Identified the ring "Noiskag" {rPois Int+4}
 13670 | Lair:2   | Noticed a death yak
 13670 | Lair:2   | Noticed a catoblepas
 13671 | Lair:2   | Noticed a death yak
 13671 | Lair:2   | Noticed a death yak
 13672 | Lair:2   | Noticed a death yak
 13692 | Lair:1   | Killed a death yak
 13945 | Lair:2   | Found a frozen archway.
 13958 | IceCv    | Entered an ice cave
 14362 | IceCv    | Reached skill level 13 in Maces & Flails
 14411 | IceCv    | Reached ***** piety under Makhleb
 14450 | IceCv    | Found the +4 skin of Zhor {*Englaciate rC+++ SInv}
 14481 | IceCv    | Found an ancient bone altar of Kikubaaqudgha.
 14521 | IceCv    | Slain by an ice devil

Illustrated notes

Levels and vault maps discovered:
D:1:      minmay_arrival_up_and_down, layout_loops_ring
D:2:      layout_rooms
D:3:      layout_basic, uniq_ijyb, uniq_terence
D:4:      layout_basic, nemelex_xobeh_ov_fountains_minmay, temple_doors_cd,
          saegor_snake_ambush
D:5:      layout_rooms, slow_altar_2, fiery_altar_vehumet,
          nicolae_yredelemnul_corpse_copse, serial_co_window_serial,
          co_window_paths_a, co_window_corner_a, co_window_corner_a,
          co_window_paths_a, co_window_paths_a, co_window_broadway_a,
          co_window_of_opportunity_b, co_window_2corner, co_window_corner_b,
          co_window_broadway_c, co_window_broadway_b, co_window_paths_e,
          glass_columns_b, glass_columns_b, glass_columns_a, glass_columns_b
D:6:      layout_basic
D:7:      layout_basic, old_standard_altar, kennysheep_mini, uniq_maggie
D:8:      layout_cave_pools, nicolae_uskayaw_dance_studio,
          mainiacjoe_overflow_alcove_4, lemuel_flame_loot_1
D:9:      layout_irregular_city, mainiacjoe_overflow_two_lobes, enter_bailey_5,
          grunt_ministairs_4
D:10:     layout_basic, lemuel_round_altar, serial_ice, serial_ice_n,
          serial_ice_m, serial_ice_k, serial_ice_o, serial_shops, shop_statue,
          special_room [special_room_orc]
Temple:   grunt_temple_mini_profane
Lair:1:   layout_cellular_growth, st_stairs_13, minmay_lair_oklob_bushes,
          grunt_megastairs_2, serial_bayou_shore_a
Lair:2:   layout_regular_city, portal_ice_cave_entry_pillars_2,
          serial_bayou_shore_b
IceCv:    ice_cave_small_necro

Skill      XL: |  1  2  3  4  5  6  7  8  9 10 11 12 |
---------------+-------------------------------------+-----
Maces & Flails | 3 4 6 7 9 10 12 13 | 13.1
Dodging        | 1 2 |  2.3
Fighting       | 4 5 6 7 8 9 |  9.7
Armour         | 4 5 6 8 9 |  9.8
Shields        | 4 5 6 7 8 |  8.1
Invocations    | 2 4 6 7 9 |  9.1
Evocations     | 1 |  1.1
Stealth        | 1 |  1.5
Throwing       | |  0.4

Action                     |  1- 3 |  4- 6 |  7- 9 | 10-12 || total
---------------------------+-------+-------+-------+-------++-------
  Melee: Flail             |   138 |   203 |   450 |   214 ||  1005
         Morningstar       |       |       |       |   795 ||   795
  Throw: Dart              |       |       |       |     5 ||     5
 Invoke: Lesser Servant of |       |       |       |     1 ||     1
  Evoke: Wand              |       |       |     5 |     9 ||    14
    Use: Scroll            |     5 |     4 |     3 |     7 ||    19
         Potion            |     4 |     4 |     5 |     2 ||    15
 Armour: Scale mail        |    73 |    19 |       |       ||    92
         Ring mail         |    17 |     7 |       |       ||    24
         Chain mail        |       |    93 |    53 |       ||   146
         Plate armour      |       |       |   310 |   785 ||  1095
  Dodge: Dodged            |    64 |    91 |   160 |   573 ||   888
  Block: Buckler           |    23 |    53 |   101 |   303 ||   480
